 Dungeon Crawl Stone Soup version 0.26-b1-32-g5d43845318 (webtiles) character file.

Game seed: 12276678607235312568

115 Borgoz the Cudgeller (level 5, -1/32 HPs)
             Began as a Gargoyle Gladiator on Jan 10, 2021.
             Killed by divine providence
             ... invoked by an orc priest
              (17 damage)
             ... on level 3 of the Dungeon.
             The game lasted 00:01:52 (2475 turns).

Borgoz the Cudgeller (Gargoyle Gladiator)           Turns: 2475, Time: 00:01:52

Health: -1/32      AC:  9    Str: 18    XL:     5   Next: 0%
Magic:  5/5        EV: 13    Int:  8    God:
Gold:   120        SH:  0    Dex: 12    Spells: 4/4 levels left

rFire    . . .     SeeInvis .   a - +0 flail
rCold    . . .     Faith    .   (no shield)
rNeg     + . .     Spirit   .   f - +0 leather armour (curse)
rPois    ∞         Reflect  .   c - +0 helmet
rElec    +         Harm     .   g - +0 cloak
rCorr    .         Rampage  .   (no gloves)
Will     .....                  (no boots)
Stlth    +.........             (no amulet)
HPRegen  0.10/turn              (no ring)
MPRegen  0.09/turn              (no ring)

@: hasted, very quick
A: negative energy resistance 1, electricity resistance, unbreathing,
petrification resistance, miasma immunity, AC +4
a: no special abilities


You were on level 3 of the Dungeon.
You visited 1 branch of the dungeon, and saw 3 of its levels.

You collected 120 gold pieces.

Inventory:

Hand Weapons
 a - a +0 flail (weapon)
Missiles
 d - 3 throwing nets (quivered)
Armour
 c - a +0 helmet (worn)
 f - a cursed +0 leather armour (worn)
 g - a +0 cloak (worn)
Scrolls
 b - a scroll of noise {unknown}
 h - 2 scrolls of identify {unknown}
 k - 5 scrolls of remove curse {unknown}
 l - 2 scrolls of enchant armour {unknown}
 m - a scroll of immolation {unknown}
 n - a scroll of amnesia {unknown}
Potions
 i - a potion of heal wounds {unknown}
 j - a potion of attraction {unknown}


   Skills:
 + Level 3.0 Fighting
 * Level 4.1 Maces & Flails
 - Level 1.7 Throwing
 * Level 3.4 Dodging


You had 4 spell levels left.
You didn't know any spells.
Your spell library was empty.

Dungeon Overview and Level Annotations

Branches:
Dungeon (3/15)

Altars:
Fedhas

Annotations:
D:2 exclusion: oklob plant


Innate Abilities, Weirdness & Mutations

You are resistant to torment.
Your stone body is resilient. (AC +4)
You are immune to poison.
You resist negative energy. (rN+)
You are resistant to electric shocks. (rElec)
You can survive without breathing.
You are immune to petrification.
You are immune to miasma.


Message History

You are too injured to fight recklessly!
It was a potion of haste.
You feel yourself speed up. The orc hits you but does no damage.
You barely miss the orc.
The orc is severely wounded.
The orc barely misses you.
You hit the orc.
You kill the orc!
The orc priest looks encouraged for a moment.
You sock the orc!
You kill the orc!
You have reached level 5!
The orc completely misses you.
Things that are here:
a cursed +0 trident; an orc corpse You closely miss the orc.
The orc closely misses you.
The orc priest mumbles some strange prayers to Beogh against you.
Beogh smites you!
Ouch! That really hurt!
You die...

# ### #.###.#
#oo@).# #.###.#
# #.# #.###
#...#
###.############
#......#......
#####.##.##### .
#.##.# ###


You could see an orc priest and an orc.

Vanquished Creatures
  Jessica (D:2)
  An adder (D:2)
  3 gnolls (D:2)
  An ooze (D:1)
  A dart slug (D:2)
  A leopard gecko (D:1)
  3 orcs (D:3)
  4 giant cockroaches
  3 goblins
  4 hobgoblins
  3 jackals (D:1)
  2 kobolds (D:1)
  3 quokkas
  6 bats
  A frilled lizard (D:3)
  4 rats
41 creatures vanquished.

Notes
Turn   | Place    | Note
-------+----------+-------------------------------------------
     0 | D:1      | Borgoz the Gargoyle Gladiator began the quest for the Orb.
     0 | D:1      | Reached XP level 1. HP: 12/12 MP: 1/1
    80 | D:1      | Reached XP level 2. HP: 16/18 MP: 2/2
   730 | D:1      | Reached XP level 3. HP: 6/22 MP: 3/3
  1357 | D:2      | Found a blossoming altar of Fedhas.
  1377 | D:2      | Noticed an oklob plant
  1615 | D:2      | Noticed Jessica
  1624 | D:2      | Killed Jessica
  1625 | D:2      | Reached XP level 4. HP: 26/27 MP: 4/4
  1639 | D:2      | Reached skill level 4 in Maces & Flails
  2474 | D:3      | Reached XP level 5. HP: 15/32 MP: 5/5
  2475 | D:3      | Killed from afar by an orc priest

Illustrated notes

Levels and vault maps discovered:
D:1:      moated_graveyard_arrival, layout_basic, serial_aquarium,
          aquarium_bridge_square [aquarium_subvault_balcony,
          aquarium_subvault_wall, aquarium_subvault_wall,
          aquarium_subvault_bridge], aquarium_window_1, aquarium_window_fake,
          aquarium_window_corridor_2, aquarium_view_2c, aquarium_balcony_3b
D:2:      layout_loops_ring, tgw_fedhas, uniq_jessica
D:3:      layout_basic, nemelex_altar_shiori, minivault_26

Skill      XL: |  1  2  3  4 |
---------------+-------------+-----
Dodging        | 3 |  3.4
Maces & Flails | 4 |  4.1
Fighting       | 3 |  3.0
Throwing       | |  1.7

Action                   |  1- 3 |  4- 6 || total
-------------------------+-------+-------++-------
Melee: Flail             |    81 |    27 ||   108
  Use: Potion            |       |     2 ||     2
Armor: Leather armour    |    35 |     6 ||    41
Dodge: Dodged            |    67 |    27 ||    94
